 Dungeon Crawl Stone Soup version 0.19-a0-742-g4563caa (webtiles) character file.

13379 Gruud the Cleaver (level 11, -1/73 HPs)
             Began as a Demonspawn Gladiator on June 22, 2016.
             Was a Priest of Uskayaw.
             Slain by a vault guard
             ... wielding a cursed +0 halberd
              (10 damage)
             ... on level 13 of the Dungeon on June 23, 2016.
             The game lasted 00:45:02 (9825 turns).

Gruud the Cleaver (Demonspawn Gladiator)            Turns: 9825, Time: 00:45:03

Health: -1/73      AC:  8    Str: 15    XL:     11   Next: 74%
Magic:  27/27      EV: 24    Int: 13    God:    Uskayaw [***...]
Gold:   708        SH:  0    Dex: 21    Spells: 0 memorised, 10 levels left

rFire  . . .     SeeInvis .     b - +2 hand axe (elec)
rCold  . . .     Gourm    .     I - +0 troll leather armour
rNeg   . . .     Faith    +     (no shield)
rPois  .         Spirit   .     c - +1 helmet
rElec  .         Dismiss  .     n - +0 cloak
rCorr  .         Reflect  .     (no gloves)
SustAt .         Harm     .     (boots unavailable)
MR     +....                    B - amulet of faith
Stlth  +++.......               s - ring of magical power
                                O - ring of protection from magic

@: agile, somewhat resistant to hostile enchantments, fairly stealthy
A: talons 3, thin skeletal structure 1, powered by pain 1
a: Stomp, Line Pass, Renounce Religion


You were on level 13 of the Dungeon.
You worshipped Uskayaw.
Uskayaw was most pleased with you.
You were not hungry.

You visited 2 branches of the dungeon, and saw 14 of its levels.
You also visited: Sewer.

You collected 708 gold pieces.

Inventory:

Hand Weapons
 a - a +0 war axe
 b - a +2 hand axe of electrocution (weapon)
Missiles
 d - 3 throwing nets (quivered)
Armour
 c - a +1 helmet (worn)
 n - a +0 cloak (worn)
 H - a +2 scale mail of positive energy
 I - a +0 troll leather armour (worn)
 J - a +1 ring mail of magic resistance
 Z - a +2 leather armour of poison resistance
Jewellery
 g - an uncursed amulet of regeneration
 s - a ring of magical power (right hand)
 y - an uncursed ring of wizardry
 B - an amulet of faith (around neck)
 O - a ring of protection from magic (left hand)
 Q - an uncursed ring of sustain attributes
 Y - an uncursed ring of see invisible
Wands
 C - a wand of iceblast (5/15)
 D - a wand of acid (3/15)
 L - a wand of teleportation (8/9)
Scrolls
 e - 3 scrolls of remove curse
 k - 2 scrolls of fear {unknown}
 l - 2 scrolls of enchant armour
 o - 2 scrolls of immolation
 q - 2 scrolls of magic mapping {unknown}
 x - 2 scrolls of teleportation
 F - a scroll of fog
 G - a scroll of enchant weapon
 R - 2 scrolls of holy word {unknown}
 U - 2 scrolls of recharging
Potions
 h - 4 potions of invisibility
 j - 5 potions of mutation
 m - 3 potions of heal wounds
 r - 4 potions of lignification
 t - 7 potions of curing
 u - 5 potions of might
 v - 7 potions of flight
 w - 2 potions of brilliance
 z - a potion of haste
 A - a potion of berserk rage {unknown}
 T - a potion of ambrosia {unknown}
 W - a potion of cancellation {unknown}
 X - a potion of resistance {unknown}
Miscellaneous
 V - a sack of spiders
Comestibles
 f - 13 bread rations
 i - 7 meat rations
 p - 8 beef jerkies
 E - 2 royal jellies
 K - 3 fruits
 N - 2 slices of pizza


   Skills:
 + Level 2.3 Fighting
 * Level 11.9 Axes
 - Level 1.7 Throwing
 + Level 7.0 Armour
 + Level 8.5 Dodging
 + Level 10.2 Invocations


You had 10 spell levels left.
You didn't know any spells.

Dungeon Overview and Level Annotations

Branches:
Dungeon (13/15)            Temple (1/1) D:4            Lair (0/6) D:11
    Orc (0/2) D:10
 Vaults: D:13-14

Altars:
Ashenzari
Elyvilon
Gozag
Kikubaaqudgha
Makhleb
Nemelex Xobeh
Qazlal
Sif Muna
Uskayaw
Vehumet
Xom
Yredelemnul
Zin
Beogh

Annotations:
D:10 Erolcha


Innate Abilities, Weirdness & Mutations

You have claws for feet.
You have a somewhat thin skeletal structure. (Dex +2, Stealth)
You sometimes gain a little power by taking damage.


Message History

The helpless vault guard fails to defend itself.
You hit the vault guard.
The vault guard is almost dead.
The helpless vault guard fails to defend itself.
You hit the vault guard.
You claw the vault guard, but do no damage.
The vault guard is almost dead.
The vault guard is no longer paralysed.
You closely miss the vault guard.
You claw the vault guard, but do no damage.
The vault guard is almost dead.
The vault guard closely misses you.
You hit the vault guard but do no damage.
You claw the vault guard.
The vault guard is almost dead.
You barely miss the vault guard.
You claw the vault guard, but do no damage.
The vault guard is almost dead.
The vault guard hits you with a halberd!
You die...

# ## ##. #..
############ ##'#
#..........#####.(.
#..........'<..'...
#..........#####...
+.@p..<....# #..(
#..........# #..(
#..........# #...
##'######### #...
#..# #... ##.# #..#
#.### ####.## #...#
###......
###.#####........


You could see a vault guard.

Vanquished Creatures
  An ogre mage (D:11)
  6 hill giants
  2 cyclopes (D:13)
  An ugly thing (D:13)
  A manticore (D:11)
  Joseph (D:7)
  Grinder (D:6)
  2 trolls
  2 two-headed ogres (D:11)
  4 yaks (D:12)
  A hippogriff (D:9)
  A soldier ant (D:13)
  A water moccasin (D:9)
  2 hell hounds (D:11)
  3 orc warriors
  A sky beast (D:11)
  2 black bears
  3 ice beasts
  2 phantoms
  12 ogres
  3 centaurs
  3 big kobolds (Sewer)
  8 giant frogs
  A wyvern zombie (D:13)
  6 scorpions
  11 killer bees
  7 crimson imps
  3 jellies
  A giant frog zombie (D:11)
  7 hounds
  11 orc priests
  10 orc wizards
  2 centaur skeletons
  3 giant frog skeletons
  Natasha (thrice) (D:2)
  12 worker ants
  2 hound zombies (D:6)
  A howler monkey zombie (D:7)
  2 worker ant zombies
  3 gnolls (D:6)
  14 adders
  3 river rats (Sewer)
  3 shadow imps
  4 oozes
  2 adder skeletons
  A dart slug (D:2)
  6 giant geckos
  59 orcs
  8 giant cockroaches
  8 hobgoblins
  21 jackals
  18 kobolds
  4 quokkas
  6 ball pythons (Sewer)
  10 bats
  A giant gecko skeleton (D:6)
  9 giant newts
  8 goblins
  27 rats
  A plant (D:7)
361 creatures vanquished.

Notes
Turn   | Place    | Note
--------------------------------------------------------------
     0 | D:1      | Gruud the Demonspawn Gladiator began the quest for the Orb.
     0 | D:1      | Reached XP level 1. HP: 16/16 MP: 1/1
   188 | D:1      | Reached skill level 3 in Axes
   197 | D:1      | Gained mutation: You have sharp toenails. [demonic ancestry]
   197 | D:1      | Reached XP level 2. HP: 15/22 MP: 2/2
   602 | D:2      | Found a burning altar of Makhleb.
   741 | D:2      | Gained mutation: You have a somewhat thin skeletal structure. (Dex +2, Stealth) [demonic ancestry]
   741 | D:2      | Reached XP level 3. HP: 27/27 MP: 3/3
   905 | D:2      | Found a stormy altar of Qazlal.
  1006 | D:2      | Noticed Natasha
  1009 | D:2      | Killed Natasha
  1009 | D:2      | Reached skill level 4 in Axes
  1009 | D:2      | Reached XP level 4. HP: 33/33 MP: 4/4
  1186 | D:2      | Noticed Natasha
  1189 | D:2      | Killed Natasha
  1270 | D:2      | Noticed Natasha
  1280 | D:2      | Killed Natasha
  1280 | D:2      | Gained mutation: You have razor-sharp toenails. [demonic ancestry]
  1280 | D:2      | Reached XP level 5. HP: 10/38 MP: 5/5
  1592 | D:3      | Found a white marble altar of Elyvilon.
  1691 | D:3      | Reached skill level 5 in Axes
  1731 | D:3      | Found a glowing drain.
  1742 | Sewer    | Entered a sewer
  2020 | Sewer    | Reached XP level 6. HP: 38/44 MP: 6/6
  2128 | Sewer    | Reached skill level 6 in Axes
  2529 | D:3      | Found a shattered altar of Ashenzari.
  3188 | D:4      | Found a staircase to the Ecumenical Temple.
  3200 | D:4      | Reached XP level 7. HP: 50/50 MP: 7/7
  3232 | Temple   | Entered the Ecumenical Temple
  3243 | Temple   | Became a worshipper of Uskayaw the Reveler
  3278 | D:4      | Reached * piety under Uskayaw
  3281 | D:4      | Reached ** piety under Uskayaw
  3660 | D:5      | Entered Level 5 of the Dungeon
  3759 | D:5      | Reached skill level 1 in Invocations
  3923 | D:5      | Found a sparkling altar of Nemelex Xobeh.
  3955 | D:5      | Reached skill level 1 in Armour
  4115 | D:6      | Reached skill level 7 in Axes
  4165 | D:6      | Reached *** piety under Uskayaw
  4169 | D:6      | Reached **** piety under Uskayaw
  4218 | D:6      | Reached skill level 5 in Dodging
  4230 | D:6      | Noticed Grinder
  4236 | D:6      | Killed Grinder
  4236 | D:6      | Reached XP level 8. HP: 27/56 MP: 10/10
  4868 | D:6      | Reached skill level 8 in Axes
  5258 | D:7      | Reached skill level 5 in Invocations
  5273 | D:7      | Gained mutation: You have claws for feet. [demonic ancestry]
  5273 | D:7      | Reached XP level 9. HP: 54/61 MP: 3/12
  5349 | D:7      | Noticed Joseph
  5363 | D:7      | Killed Joseph
  5929 | D:8      | Reached skill level 9 in Axes
  5930 | D:8      | Found a deep blue altar of Sif Muna.
  6026 | D:8      | Found a glowing silver altar of Zin.
  6854 | D:9      | Noticed a troll
  6864 | D:9      | Killed a troll
  6864 | D:9      | Gained mutation: You sometimes gain a little power by taking damage. [demonic ancestry]
  6864 | D:9      | Reached XP level 10. HP: 67/67 MP: 10/15
  6864 | D:9      | Reached ***** piety under Uskayaw
  6931 | D:9      | Found an opulent altar of Gozag.
  6933 | D:9      | Found an ancient bone altar of Kikubaaqudgha.
  7025 | D:9      | Found a basalt altar of Yredelemnul.
  7038 | D:9      | Found a shimmering altar of Xom.
  7058 | D:9      | Found a radiant altar of Vehumet.
  7220 | D:10     | Entered Level 10 of the Dungeon
  7231 | D:10     | Reached skill level 5 in Armour
  7232 | D:10     | Upgraded the game from 0.19-a0-734-ge18daf0 to 0.19-a0-742-g4563caa
  7284 | D:10     | Noticed a hill giant
  7298 | D:10     | Killed a hill giant
  7298 | D:10     | Reached skill level 10 in Axes
  7376 | D:10     | Noticed a hill giant
  7387 | D:10     | Killed a hill giant
  7470 | D:10     | Noticed a hill giant
  7480 | D:10     | Killed a hill giant
  7512 | D:10     | Found a roughly hewn altar of Beogh.
  7534 | D:10     | Found a staircase to the Orcish Mines.
  7603 | D:10     | Noticed a hill giant
  7612 | D:10     | Killed a hill giant
  7653 | D:10     | Noticed Erolcha
  7992 | D:11     | Noticed a manticore
  7995 | D:11     | Reached XP level 11. HP: 24/72 MP: 4/17
  8012 | D:11     | Reached skill level 11 in Axes
  8077 | D:11     | Noticed a hill giant
  8084 | D:11     | Killed a hill giant
  8147 | D:11     | Found a staircase to the Lair.
  8154 | D:11     | Noticed an ogre mage
  8191 | D:11     | Killed an ogre mage
  8286 | D:11     | Noticed a hill giant
  8312 | D:11     | Killed a hill giant
  8466 | D:11     | Found a shimmering altar of Xom.
  8656 | D:12     | Noticed a death knight
  9253 | D:13     | HP: 1/72 [cyclops (12)]
  9255 | D:13     | Reached skill level 10 in Invocations
  9521 | D:13     | Noticed a purple ugly thing
  9541 | D:13     | Killed a purple ugly thing
  9614 | D:13     | Noticed a vault guard
  9825 | D:13     | Slain by a vault guard

Vault maps used:
D:1:      minmay_arrival_four_houses
D:2:      bloody_makhleb, st_stairs_8, grunt_qazlal_sundering, uniq_natasha
D:3:      ashenzari_altar_1, overflow_temple_1_default, portal_sewer_entry_b
D:4:      first_bread
D:5:      lemuel_ice_spiral_2, nemelex_spade_bored_becter
D:6:      uniq_grinder
D:7:      corexii_shack_village, grunt_ogre_cave, uniq_joseph
D:8:      kennysheep_mini, basic_altar
D:9:      nicolae_gozag_seed_capital, nicolae_overflow_quartered_altars
D:10:     david_orc_5, uniq_erolcha
D:11:     minmay_lair_entry_lava, basic_altar
D:13:     david_vaults_5
Temple:   nicolae_temple_figure_eight
Sewer:    sewer_minmay_treatment

Skill      XL: |  1  2  3  4  5  6  7  8  9 10 11 |
---------------+----------------------------------+-----
Axes           | 3 4 5 6 7 8 9 10 11 | 11.9
Dodging        | 3 4 5 6 7 8 |  8.5
Invocations    | 3 5 7 8 10 | 10.2
Armour         | 2 3 4 6 7 |  7.0
Fighting       | |  2.3
Throwing       | |  1.7

Action                   |  1- 3 |  4- 6 |  7- 9 | 10-12 || total
-------------------------+-------+-------+-------+-------++-------
Melee: War axe           |    37 |       |       |       ||    37
       Hand axe          |    50 |   177 |   316 |   363 ||   906
       Kick              |    11 |    39 |    83 |   111 ||   244
Throw: Throwing net      |       |       |     2 |       ||     2
Invok: Stomp             |       |       |    22 |    36 ||    58
       Line Pass         |       |       |     2 |     4 ||     6
Evoke: Wand              |       |       |       |     3 ||     3
  Use: Scroll            |       |     5 |     7 |     8 ||    20
       Potion            |       |       |       |     6 ||     6
 Stab: Sleeping          |       |     1 |     5 |     5 ||    11
       Paralysed         |       |       |     8 |    17 ||    25
       Held in net/web   |       |       |     1 |       ||     1
  Eat: Chunk             |       |     8 |    15 |    15 ||    38
       Pizza             |       |       |       |     1 ||     1
Armor: Leather armour    |    16 |       |       |       ||    16
       Ring mail         |    19 |    50 |    22 |       ||    91
       Chain mail        |       |    24 |    29 |       ||    53
       Scale mail        |       |       |     4 |       ||     4
       Troll leather arm |       |       |    30 |    50 ||    80
       Skin              |       |       |       |     8 ||     8
Dodge: Dodged            |    62 |    94 |   209 |   221 ||   586
